 Dungeon Crawl Stone Soup version 0.30.0-29-ga12c61a403 (webtiles) character file.

Game seed: 17750163078909244424

18 Heoruswealwe the Digger (level 2, 0/15 HPs)
             Began as a Deep Elf Earth Elementalist on June 6, 2023.
             Slain by Terence
             ... wielding a +0 flail
              (4 damage)
             ... on level 2 of the Dungeon.
             The game lasted 00:08:39 (696 turns).

Heoruswealwe the Digger (DEEE)                       Turns: 696, Time: 00:08:41

Health: 0/15       AC:  2    Str:  5    XL:     2   Next: 51%
Magic:  3/8        EV: 12    Int: 19    God:
Gold:   48         SH:  0    Dex: 15    Spells: 5/8 levels left

rFire   . . .        (no weapon)
rCold   . . .        (no shield)
rNeg    . . .        c - +0 robe
rPois   .            (no helmet)
rElec   .            (no cloak)
rCorr   .            (no gloves)
SInv    .            (no boots)
Will    .....        (no amulet)
Stlth   ++           (no ring)
HPRegen 0.22/turn    (no ring)
MPRegen 0.11/turn

%: no passive effects
@: no status effects
A: no striking features
a: no special abilities


You were on level 2 of the Dungeon.
You visited 1 branch of the dungeon, and saw 2 of its levels.

You collected 48 gold pieces.

Inventory:

Armour
 c - a +0 robe (worn)
Scrolls
 g - a scroll of noise {unknown}
Potions
 a - a potion of might {unknown}
 b - a potion of magic
 d - a potion of curing {unknown}
 e - a potion of lignification {unknown}
 f - a potion of haste {unknown}


   Skills:
 - Level 2.4 Dodging
 - Level 2.4 Stealth
 + Level 3.8 Spellcasting
 - Level 1.1 Transmutations
 + Level 3.8 Earth Magic


You had 5 spell levels left.
You knew the following spells:

 Your Spells              Type           Power      Damage    Failure   Level
a - Sandblast             Erth           36%        2d10      3%          1
z - Passwall              Tmut/Erth      10%        N/A       8%          2

Your spell library contained the following spells:

 Spells                   Type           Power      Damage    Failure   Level
 Stone Arrow              Conj/Erth      20%        3d8       19%         3
 Petrify                  Tmut/Erth      13%        N/A       45%         4


Dungeon Overview and Level Annotations

Branches:
Dungeon (2/15)

Altars:

Shops:
D:1 [=:[(

Annotations:
D:2 Terence


Message History

Found 4 gold pieces.
You now have 48 gold pieces (gained 4).
Terence the Incautious comes into view.
He is wielding a +0 flail.
You miscast Sandblast.
You are very lightly contaminated with residual magic.
Nothing appears to happen.
Terence shouts!
The blast of sand hits Terence.
Terence is moderately wounded.
Terence shouts, "DIE!!!"
Terence misses you.
The blast of sand hits Terence but does no damage.
Terence is moderately wounded.
Terence barely misses you.
The blast of sand hits Terence.
Terence is heavily wounded.
Terence barely misses you. Terence hits you with a +0 flail!
Ouch! That really hurt!
* * * LOW HITPOINT WARNING * * *
Okay, then.
Okay, then.
You are too injured to fight recklessly!
Casting: Sandblast (safe; 3% risk of failure)
Confirm with . or Enter, or press ? or * to list all spells.
Aiming: Sandblast (safe; 3% risk of failure)
Press: ? - help, Shift-Dir - straight line, f/p - Terence
Aim: Terence, wielding a +0 flail and wearing a +0 ring mail (heavily wounded, 84% to hit)
The blast of sand hits Terence.
Terence is severely wounded.
Terence closely misses you.
Your magical contamination has completely faded away.
Casting: Sandblast (safe; 3% risk of failure)
Confirm with . or Enter, or press ? or * to list all spells.
Aiming: Sandblast (safe; 3% risk of failure)
Press: ? - help, Shift-Dir - straight line, f/p - Terence
Aim: Terence, wielding a +0 flail and wearing a +0 ring mail (severely wounded, 84% to hit)
The blast of sand hits Terence but does no damage.
Terence is severely wounded.
Terence closely misses you. Terence hits you with a +0 flail.
You die...

....# #.#......#
##### #.#.###### #
#.#.# # #.#.#
#######.#.#
..........#
#######.##########
#..........#
##########@#
#..@.......
#..........
.......####.
#.#.....#
#...##### ####


You could see Terence.

Vanquished Creatures
  4 ball pythons (D:1)
  3 bats (D:1)
  2 endoplasms (D:1)
  A giant cockroach (D:1)
  2 hobgoblins
  A kobold (D:1)
  A frilled lizard (D:1)
  A goblin (D:1)
  A rat (D:1)
16 creatures vanquished.

Notes
Turn   | Place    | Note
-------+----------+-------------------------------------------
     0 | D:1      | Heoruswealwe the Deep Elf Earth Elementalist began the
                  | quest for the Orb.
     0 | D:1      | Reached XP level 1. HP: 10/10 MP: 6/6
    32 | D:1      | Found Reagousk's Antique Weapon Boutique.
   200 | D:1      | Found Udapuaz Bass's Armour Shop.
   254 | D:1      | Found Coceti's Book Shoppe.
   343 | D:1      | Reached XP level 2. HP: 15/15 MP: 5/8
   346 | D:1      | Learned a level 2 spell: Passwall
   388 | D:1      | Found Faet Vir's Jewellery Shop.
   464 | D:1      | Found Lomaon's Antique Armour Emporium.
   689 | D:2      | Noticed Terence
   696 | D:2      | Slain by Terence

Illustrated notes

Levels and vault maps discovered:
D:1:      dpeg_arrival_solitude, layout_basic, serial_shops,
          nicolae_shop_competitors_out_of_business, shop_fountains,
          nicolae_shop_hallway_stairs, shop, nicolae_shop_tiny_glass
D:2:      layout_basic, hellmonk_ecumenical_altar_arch_garden, uniq_jessica,
          uniq_terence

Action                     || total
---------------------------++-------
  Melee: Unarmed           ||     2
   Cast: Sandblast         ||    22
         Passwall          ||     1
 Armour: Robe              ||     2
  Dodge: Dodged            ||     5
